 Dungeon Crawl Stone Soup version 0.27-a0-808-g60bc5d92e6 (webtiles) character file.

Game seed: 13394917838756927723

80 Hasart the Magician (level 4, -1/33 HPs)
             Began as a Djinni Ice Elementalist on Mar 28, 2021.
             Slain by Sigmund
             ... wielding a +0 scythe
              (5 damage)
             ... on level 2 of the Dungeon.
             The game lasted 00:02:55 (2139 turns).

Hasart the Magician (Djinni Ice Elementalist)       Turns: 2139, Time: 00:02:57

Health: -1/33      AC: 11    Str:  7    XL:     4   Next: 39%
Gold:   73         EV: 13    Int: 18    God:
                   SH:  0    Dex: 13

rFire    + + .     SeeInvis .   e - +0 trident
rCold    x . .     Faith    .   (no shield)
rNeg     . . .     Spirit   .   a - +0 robe
rPois    ∞         Reflect  .   d - +2 helmet
rElec    .         Harm     .   (no cloak)
rCorr    .         Rampage  .   (no gloves)
Will     .....                  (boots unavailable)
Stlth    ++........             (no amulet)
HPRegen  0.11/turn              (no ring)
MPRegen  0.00/turn              (no ring)

@: ice-armoured, frozen ramparts, flying
A: fire resistance 2, cold vulnerability 1, float, innate caster, hp casting,
extra vitality 1
a: no special abilities


You were on level 2 of the Dungeon.
You visited 1 branch of the dungeon, and saw 2 of its levels.

You collected 73 gold pieces.

Inventory:

Hand Weapons
 e - a +0 trident (weapon)
Armour
 a - a +0 robe (worn)
 d - a +2 helmet (worn)
Wands
 j - a wand of charming (7)
Scrolls
 f - a scroll of immolation {unknown}
 h - 2 scrolls of identify {unknown}
 i - a scroll of vulnerability {unknown}
Potions
 b - a potion of degeneration {unknown}
 c - a potion of might {unknown}
 g - a potion of curing {unknown}
 k - a potion of berserk rage {unknown}
 l - a potion of cancellation {unknown}
 m - a potion of attraction {unknown}


   Skills:
 + Level 1.6 Fighting
 + Level 3.1 Dodging
 - Level 1.5 Stealth
 * Level 4.3 Spellcasting


You couldn't memorise any spells.
You knew the following spells:

 Your Spells              Type           Power      Damage    Failure   Level
a - Freeze                Ice            76%        1d9       2%          1
b - Frozen Ramparts       Ice            38%        1d5       7%          3
c - Ozocubu's Armour      Ice            19%        N/A       7%          3
d - Hailstorm             Conj/Ice       19%        3d6       24%         4
e - Summon Ice Beast      Ice/Summ       19%        N/A       24%         4
f - Beastly Appendage     Tmut           38%        N/A       2%          1
Your spell library was empty.

Dungeon Overview and Level Annotations

Branches:
Dungeon (2/15)

Altars:

Annotations:
D:2 Sigmund


Innate Abilities, Weirdness & Mutations

You are immune to poison.
Your flesh is very heat resistant. (rF++)
You are vulnerable to cold. (rC-)
You float through the air rather than walking.
You learn spells naturally, not from books.
Your magical power is your life essence.
You have superior vitality. (+4 HP)


Message History

The frozen ramparts melt away.
You start resting.
HP restored.
You reach to attack!
The helpless Sigmund fails to defend himself.
You hit Sigmund.
Sigmund is lightly wounded.
Sigmund points at himself and mumbles some strange words.
Sigmund flickers and vanishes!
Deactivating autopickup; reactivate with Ctrl-A.
Casting: Frozen Ramparts (quite dangerous; 7% risk of failure)
Confirm with . or Enter, or press ? or * to list all spells.
The spell is quite dangerous to cast (7% risk of failure)!
Continue anyway?
Casting: Frozen Ramparts (quite dangerous; 7% risk of failure)
Press: ? - help, Dir - look around, f - activate The walls around you are covered in ice.
The wall freezes something.
Something hits you!
Unknown command.
Unknown command.
Unknown command.
Casting: Frozen Ramparts (quite dangerous; 7% risk of failure)
Confirm with . or Enter, or press ? or * to list all spells.
Okay, then.
Casting: Frozen Ramparts (quite dangerous; 7% risk of failure)
Confirm with . or Enter, or press ? or * to list all spells.
The spell is quite dangerous to cast (7% risk of failure)!
Continue anyway?
A film of ice covers your body!
The wall freezes something.
Something hits you but does no damage.
Unknown command.
Reach: e) +0 trident
Press: ? - help, Dir - move target You reach to attack!
You miss something.
The wall freezes something.
Something hits you.
Reach: e) +0 trident
Press: ? - help, Dir - move target You reach to attack!
You miss something.
The wall freezes something.
Something hits you!
* * * LOW HITPOINT WARNING * * *
The wall freezes something.
Something hits you.
You die...

#.# #....<...
#.###.###..#.
#.##...##....
#.##...##..#.
#............
#..........#.
#######........##.
#...[.....<(......
#@#####.#...##.##.
#.# #.######.###
#{# #.# #.### #.#
#.# #.... #.#
#.########## #.#
#........... #.#
###########. #.#
#. #.


There were no monsters in sight!

Vanquished Creatures
  Jessica (D:2)
  3 adders (D:2)
  A worm (D:2)
  A dart slug (D:2)
  2 ball pythons
  2 bats (D:2)
  4 endoplasms
  3 giant cockroaches
  A goblin (D:2)
  A hobgoblin (D:2)
  A frilled lizard (D:1)
  4 rats
24 creatures vanquished.

Notes
Turn   | Place    | Note
-------+----------+-------------------------------------------
     0 | D:1      | Hasart the Djinni Ice Elementalist began the quest for the
                  | Orb.
     0 | D:1      | Reached XP level 1. HP: 15/15 MP: 0/0
   763 | D:1      | Reached XP level 2. HP: 17/22 MP: 0/0
  1008 | D:1      | You are sucked into a shaft and drop 1 floor!
  1294 | D:2      | Reached skill level 1 in Fighting
  1294 | D:2      | Reached skill level 4 in Spellcasting
  1294 | D:2      | Reached XP level 3. HP: 10/27 MP: 0/0
  1294 | D:2      | Learned a level 1 spell: Beastly Appendage
  1668 | D:2      | Noticed Jessica
  1671 | D:2      | Killed Jessica
  1672 | D:2      | Reached XP level 4. HP: 29/32 MP: 0/0
  2103 | D:2      | Noticed Sigmund
  2139 | D:2      | Slain by Sigmund

Illustrated notes

Levels and vault maps discovered:
D:1:      saegor_arrival_miasma, layout_basic
D:2:      layout_loops_ring, serial_aquarium, aquarium_bridge_square
          [aquarium_subvault_bridge, aquarium_subvault_bridge,
          aquarium_subvault_wall, aquarium_subvault_bridge], aquarium_window_2,
          aquarium_window_corridor_1, aquarium_window_1, aquarium_window_2,
          aquarium_view_2e, aquarium_pool_split, uniq_sigmund, uniq_jessica

Skill      XL: |  1  2  3  4 |
---------------+-------------+-----
Fighting       | 1 |  1.6
Spellcasting   | 4 |  4.3
Dodging        | 3 |  3.1
Stealth        | |  1.5

Action                   |  1- 3 |  4- 6 || total
-------------------------+-------+-------++-------
Melee: Trident           |    10 |     4 ||    14
 Cast: Freeze            |    32 |    10 ||    42
       Frozen Ramparts   |       |     2 ||     2
       Ozocubu's Armour  |       |     1 ||     1
 Stab: Sleeping          |     2 |     1 ||     3
       Distracted        |     1 |       ||     1
Armor: Robe              |    12 |     3 ||    15
Dodge: Dodged            |    19 |     3 ||    22

Table legend: (Time is in decaauts)
 A = Elapsed time spent in this place.
 B = Non-inter-level travel time spent in this place.
 C = Inter-level travel time spent in this place.
 D = Time resting spent in this place.
 E = Time spent auto-exploring this place.
 F = Levels seen in this place.
 G = Mean time per level.
                   A        B        C        D        E       F      G
               +--------+--------+--------+--------+--------+-----+--------+
         Total |   2142 |   2142 |      0 |    207 |   1728 |   2 | 1071.0 |
       Dungeon |   2142 |   2142 |      0 |    207 |   1728 |   2 | 1071.0 |
               +--------+--------+--------+--------+--------+-----+--------+

Top non-repeatable levels by time:
     D:2: 1133 daAuts
     D:1: 1008 daAuts
